 Dungeon Crawl Stone Soup version 0.27.0-1-g7a089689b8 (console) character file.

Game seed: 4190463342791007826

26 jejorda2 the Gusty (level 2, -3/23 HPs)
             Began as a Palentonga Air Elementalist on Aug 8, 2021.
             Slain by a gnoll (9 damage)
             ... on level 1 of the Dungeon.
             The game lasted 00:04:19 (802 turns).

jejorda2 the Gusty (Palentonga Air Elementalist)     Turns: 802, Time: 00:04:20

Health: -3/23      AC:  5    Str: 11    XL:     2   Next: 89%
Magic:  1/5        EV:  7    Int: 15    God:
Gold:   19         SH:  3    Dex: 10    Spells: 4/5 levels left

rFire    . . .     SeeInvis +   b - +0 short sword
rCold    . . .     Faith    .   e - +0 buckler
rNeg     . . .     Spirit   .   i - +0 ring mail
rPois    .         Reflect  .   (no helmet)
rElec    .         Harm     .   (no cloak)
rCorr    .         Rampage  .   (no gloves)
Will     .....                  (no barding)
Stlth    +.........             (no amulet)
HPRegen  0.07/turn              (no ring)
MPRegen  0.09/turn              (no ring)

@: very slightly contaminated
A: large, rugged brown scales 3, see invisible, deformed body, roll 1, armoured
tail
a: Rolling Charge


You were on level 1 of the Dungeon.
You visited 1 branch of the dungeon, and saw 1 of its levels.

You collected 19 gold pieces.

Inventory:

Hand Weapons
 b - a +0 short sword (weapon)
 f - a +0 dagger
Missiles
 c - 34 stones
Armour
 a - a +0 robe
 e - a +0 buckler (worn)
 i - a +0 ring mail (worn)
Scrolls
 g - a scroll of vulnerability {unknown}
 h - a scroll of identify {unknown}
Potions
 d - a potion of flight {unknown}


   Skills:
 + Level 1.9 Fighting
 - Level 1.5 Dodging
 - Level 1.2 Stealth
 + Level 1.2 Shields
 - Level 2.0 Spellcasting
 - Level 0.8 Conjurations
 - Level 2.4 Air Magic


You had 4 spell levels left.
You knew the following spells:

 Your Spells              Type           Power      Damage    Failure   Level
a - Shock                 Conj/Air       24%        1d4       36%         1

Your spell library contained the following spells:

 Spells                   Type           Power      Damage    Failure   Level
 Static Discharge         Conj/Air       6%         N/A       50%         2
 Swiftness                Air            8%         N/A       63%         3
 Airstrike                Air            4%         N/A       95%         4


Dungeon Overview and Level Annotations

Branches:
Dungeon (1/15)

Altars:


Innate Abilities, Weirdness & Mutations

You are completely covered in rugged brown scales. (AC +3, +7% HP)
You have supernaturally acute eyesight. (SInv)
Armour fits poorly on your strangely shaped body.
You can roll at nearby foes to attack.
You have a long armoured tail.


Message History

The kobold throws a stone.
The stone hits you but does no damage.
The kobold throws a stone.
The stone closely misses you.
The kobold throws a stone.
The stone hits you but does no damage.
Roll where?
Press: ? - help, Dir - move target, f - kobold
Aim: a kobold, wielding a +0 short sword and quivering stones (heavily wounded)
You roll forward with a clatter of scales!
Your ring mail prevents you from hitting the kobold.
The kobold is heavily wounded.
The kobold hits you with a +0 short sword.
You hit the kobold.
Your tail-slap misses the kobold.
The kobold is severely wounded.
The kobold hits you but does no damage.
You closely miss the kobold. You tail-slap the kobold.
You kill the kobold!
Casting: Shock (safe; 36% risk of failure)
Confirm with . or Enter, or press ? or * to list all spells.
Aiming: Shock (safe; 36% risk of failure)
Press: ? - help, Shift-Dir - straight line You miscast Shock.
You are very lightly contaminated with residual magic.
Nothing appears to happen.
The gnoll hits you with a +0 flail.
Unknown command.
Casting: Shock (safe; 36% risk of failure)
Confirm with . or Enter, or press ? or * to list all spells.
Aiming: Shock (safe; 36% risk of failure)
Press: ? - help, Shift-Dir - straight line The zap misses the gnoll. x2; The gnoll hits you with a +0 flail.
* * * LOW HITPOINT WARNING * * *
Unknown command.
Casting: Shock (safe; 36% risk of failure)
Confirm with . or Enter, or press ? or * to list all spells.
Aiming: Shock (safe; 36% risk of failure)
Press: ? - help, Shift-Dir - straight line The zap hits the gnoll.
The gnoll is severely wounded.
The zap hits the gnoll.
The gnoll is severely wounded.
The gnoll hits you with a +0 flail!
You die...

#..........# ####...###.#
.....#..##.# †###....##.#
### .# ##.#.##.# ..:. †#
#.#.##.#### #.#.# .#
#.........########..?...
.####.###.....##.g.)...#.#.#
.#....# #.......@####.......
.#.##.###........# ..#.#.#
...##............# .......
.#.#####.........# #.#.#.#
.#............#.## ......
##.#######....#.### ##.###
...# ####.......... .#
#######....##[#....#
#≈≈≈≈≈.....##..###..


You could see a gnoll.

Vanquished Creatures
  2 dart slugs (D:1)
  3 ball pythons (D:1)
  An endoplasm (D:1)
  3 giant cockroaches (D:1)
  A goblin (D:1)
  2 hobgoblins (D:1)
  2 kobolds (D:1)
  2 quokkas (D:1)
  A bat (D:1)
  A rat (D:1)
18 creatures vanquished.

Notes
Turn   | Place    | Note
-------+----------+-------------------------------------------
     0 | D:1      | jejorda2 the Palentonga Air Elementalist began the quest
                  | for the Orb.
     0 | D:1      | Reached XP level 1. HP: 13/13 MP: 3/3
   114 | D:1      | Reached skill level 1 in Fighting
   158 | D:1      | Reached XP level 2. HP: 17/22 MP: 0/5
   443 | D:1      | Reached skill level 1 in Shields
   802 | D:1      | Slain by a gnoll

Illustrated notes

Levels and vault maps discovered:
D:1:      dpeg_arrival_pond, layout_loops_ring, serial_glass, glass_columns_a,
          glass_columns_a, glass_columns_c, glass_columns_c, glass_columns_a,
          glass_columns_a, glass_columns_a, glass_columns_b, bh_walls_and_bars

Skill      XL: |  1  2 |
---------------+-------+-----
Fighting       | 1 |  1.9
Shields        | 1 |  1.2
Dodging        | |  1.5
Stealth        | |  1.2
Spellcasting   | |  2.0
Conjurations   | |  0.8
Air Magic      | |  2.4

Action                   || total
-------------------------++-------
Melee: Short sword       ||    38
       Tailslap          ||     3
 Cast: Shock             ||    27
 Abil: Rolling Charge    ||     7
Armor: Robe              ||    10
       Ring mail         ||    15
Dodge: Dodged            ||    11
Block: Buckler           ||     5
